 Dungeon Crawl Stone Soup version 0.29-a0-632-g781b4ac09e (webtiles) character file.

Game seed: 13436166588558167924

15039 CrazyBamboolord the Swashbuckler (level 12, -9/71 HPs)
             Began as a Kobold Fighter on June 19, 2022.
             Was a Priest of Uskayaw.
             Killed from afar by an ogre mage (14 damage)
             ... with a bolt of magma
             ... on level 10 of the Dungeon.
             The game lasted 00:36:13 (16625 turns).

CrazyBamboolord the Swashbuckler (Kobold Fighter)  Turns: 16625, Time: 00:36:13

Health: -9/71      AC: 13    Str: 11    XL:     12   Next: 52%
Magic:  15/15      EV: 14    Int: 14    God:    Uskayaw [***...]
Gold:   619        SH:  7    Dex: 17    Spells: 11/11 levels left

rFire   + . .      SeeInvis .   n - +2 rapier (venom)
rCold   x . .      Faith    +   c - +1 buckler
rNeg    + + +      Spirit   .   b - +0 scale mail
rPois   .          Reflect  .   q - +0 helmet "Gymag" {+Inv rN+++ Will- Str-2}
rElec   .          Harm     .   t - scarf {repulsion}
rCorr   .          Rampage  .   f - +1 pair of gloves
Will    .....      Clarity  +   u - +1 pair of boots
Stlth   ++........              d - amulet of faith
HPRegen 0.21/turn               y - ring of fire
MPRegen 0.14/turn               j - ring of willpower

@: mighty, studying 2 skills, repel missiles
A: small, no large weapons, nightstalker 3, hooves 1, clarity, clever 1, frail 1
a: Renounce Religion, Evoke Invisibility, Stomp, Line Pass


You were on level 10 of the Dungeon.
You worshipped Uskayaw.
Uskayaw was noncommittal.
You visited 2 branches of the dungeon, and saw 13 of its levels.
You also visited: Ossuary and Bailey.

You collected 619 gold pieces.

Inventory:

Hand Weapons
 n - a +2 rapier of venom (weapon)
Missiles
 w - 2 throwing nets (quivered)
Armour
 b - a +0 scale mail (worn)
 c - a +1 buckler (worn)
 f - a +1 pair of gloves (worn)
 g - a +0 cloak
 q - the +0 helmet "Gymag" (worn) {+Inv rN+++ Will- Str-2}
   (You found it in a bailey)

   Str:       It affects your strength (-2).
   rN:        It renders you almost immune to negative energy.
   +Inv:      It lets you turn invisible.
   Will:      It decreases your willpower.
 t - a scarf of repulsion (worn)
 u - a +1 pair of boots (worn)
Jewellery
 d - an amulet of faith (around neck)
 j - a ring of willpower (right hand)
 m - an amulet of the acrobat
 o - an amulet of regeneration
 x - a +6 ring of strength
 y - a ring of fire (left hand)
 A - a ring of protection from cold
 B - a +6 ring of intelligence
 N - an amulet of reflection
Wands
 e - a wand of iceblast (3)
 k - a wand of polymorph (11)
 F - a wand of light (7)
 K - a wand of mindburst (10)
Scrolls
 h - 4 scrolls of amnesia
 l - 2 scrolls of fear
 p - a scroll of teleportation
 r - 3 scrolls of noise
 z - a scroll of summoning
 C - a scroll of immolation
 E - a scroll of enchant armour
 G - a scroll of poison
 H - 2 scrolls of fog
 O - a scroll of magic mapping
 P - a scroll of blinking {unknown}
Potions
 a - 2 potions of flight
 s - 7 potions of might
 v - 2 potions of attraction
 I - a potion of brilliance
 J - a potion of lignification
 L - a potion of magic
Miscellaneous
 i - a phial of floods
 D - a phantom mirror


   Skills:
 * Level 10.9 Fighting
 * Level 16.7 Short Blades
 + Level 6.4 Armour
 * Level 8.7 Dodging
 - Level 4.0 Stealth
 + Level 5.2 Shields
 * Level 5.2 Invocations
 - Level 0.3 Evocations


You had 11 spell levels left.
You didn't know any spells.
Your spell library contained the following spells:

 Spells                   Type           Power      Damage    Failure   Level
 Dazzling Flash           Conj/Hex       0%         N/A       99%         3
 Ignite Poison            Fire/Tmut/Pois 0%         N/A       99%         3
 Mephitic Cloud           Conj/Pois/Air  0%         N/A       99%         3
 Animate Dead             Necr           0%         N/A       100%        4
 Agony                    Necr           0%         N/A       100%        5
 Freezing Cloud           Conj/Ice/Air   0%         6-21      100%        5
 Silence                  Hex/Air        0%         N/A       100%        5
 Haunt                    Necr/Summ      0%         N/A       100%        7
 Infestation              Necr           0%         N/A       100%        8


Dungeon Overview and Level Annotations

Branches:
Dungeon (12/15)            Temple (1/1) D:7            Lair (0/6) D:8
Ossuary (visited)          Bailey (visited)
    Orc: D:9-12

Altars:
Ashenzari
Elyvilon
Hepliaklqana
Makhleb
Okawaru
Ru
Trog
Uskayaw
Yredelemnul
The Shining One

Shops:
D:4 (

Annotations:
D:2 1 runed translucent door, Crazy Yiuf


Innate Abilities, Weirdness & Mutations

You are small and have problems with some larger weapons.
You are completely attuned to the shadows.
You have large cloven feet.
You possess an exceptional clarity of mind.
Your mind is acute. (Int +4, Str/Dex-1)
You are frail. (-10% HP)


Message History

You puncture something! You puncture something!
The centaur warrior wields a +0 shortbow.
The centaur warrior shoots an arrow.
The arrow is repelled.
Something hits you!
You can now pass through a line of other dancers.
You hear some strange, mumbled words.
Something tries to affect you, but you resist.
You can no longer pass through a line of other dancers.
The centaur warrior shoots an arrow.
The arrow barely misses you.
The centaur warrior unwields a +0 shortbow.
The centaur warrior hits you.
* * * LOW HITPOINT WARNING * * *
The centaur warrior kicks you but does no damage.
The centaur warrior barely misses you. The centaur warrior closely misses you.
You closely miss the centaur warrior. The centaur warrior hits you.
* * * LOW HITPOINT WARNING * * *
The centaur warrior barely misses you.
You impale the centaur warrior!!
The centaur warrior is moderately wounded.
You puncture the centaur warrior!
The centaur warrior is poisoned.
The centaur warrior is heavily wounded.
You block the centaur warrior's attack. x2
You can now pass through a line of other dancers.
You puncture the centaur warrior!
The centaur warrior is almost dead.
The centaur warrior misses you. You block the centaur warrior's attack.
Uskayaw will force your foes to helplessly watch your dance.
Uskayaw prepares the audience for your solo!
The helpless centaur warrior fails to defend itself.
You skewer the centaur warrior like a kebab!!!!
You kill the centaur warrior!
Something hits you!
* * * LOW HITPOINT WARNING * * *
You feel better. Something hits you.
* * * LOW HITPOINT WARNING * * *
You hear some strange, mumbled words.
A bolt of magma appears from out of thin air!
The bolt of magma hits you! You partially resist.
You die...

..# ..## #..
#.# #@#####
#.....#
#.)##.# ...
#.#{###.# ♣ .h
#O#.....#
..♣.##.#.#####
....♣..#.#
♣....c.c.#
....♣###)#


There were no monsters in sight!

Vanquished Creatures
  2 boulder beetles
  A centaur warrior (D:10)
  2 two-headed ogres
  A deep elf pyromancer (D:9)
  A manticore (D:10)
  Maurice (D:9)
  A gargoyle (Bailey)
  A kobold demonologist (D:11)
  An unseen horror (D:7)
  A troll (D:10)
  A hornet (D:9)
  A slime creature (D:9)
  4 shadows
  5 yaks
  Eustachio (D:4)
  Grum (D:8)
  2 wyverns
  A steam dragon (D:8)
  2 vampire mosquitoes
  3 water moccasins
  Duvessa (D:4)
  2 wargs (D:8)
  A black bear (D:6)
  4 orc warriors
  9 ice beasts
  2 sky beasts (D:7)
  3 ogres (D:5)
  3 wolves (D:8)
  5 centaurs
  2 kobold brigands
  A phantom (D:6)
  Blork the orc (D:3)
  2 elf zombies (Ossuary)
  9 bullfrogs
  3 gnoll sergeants
  A necrophage (D:6)
  3 scorpions
  4 wights (D:8)
  A killer bee (D:4)
  6 wolf zombies (Bailey)
  4 howler monkeys
  7 vampire bats (Bailey)
  6 orc priests
  2 gnoll shamans
  2 hounds
  A jelly (D:6)
  A centaur zombie (Ossuary)
  3 human zombies (Ossuary)
  6 orc wizards
  Terence (D:2)
  3 mummies
  20 gnolls
  3 adders
  A shadow imp (D:8)
  2 white imps (D:7)
  An ufetubus (D:7)
  An adder zombie (Ossuary)
  2 worms
  2 dart slugs
  27 orcs
  12 ball pythons
  5 bats
  10 endoplasms
  3 giant cockroaches (D:2)
  10 goblins
  2 hobgoblins
  3 quokkas
  3 frilled lizards
  2 goblin zombies (Ossuary)
  10 hobgoblin zombies (Ossuary)
  8 kobolds
  10 kobold zombies (Ossuary)
  31 orc zombies
  6 rats
  A rat zombie (Ossuary)
307 creatures vanquished.

Vanquished Creatures (collateral kills)
  An ugly thing (D:10)
  A vampire (Bailey)
  A vampire mosquito (D:10)
3 creatures vanquished.

Vanquished Creatures (others)
  A wizard (D:9)
  2 fungi (D:2)
  3 plants (D:10)
6 creatures vanquished.

Grand Total: 316 creatures vanquished

Notes
Turn   | Place    | Note
-------+----------+-------------------------------------------
     0 | D:1      | CrazyBamboolord the Kobold Fighter began the quest for the
                  | Orb.
     0 | D:1      | Reached XP level 1. HP: 14/14 MP: 1/1
   141 | D:1      | Reached XP level 2. HP: 19/19 MP: 2/2
   598 | D:1      | Reached XP level 3. HP: 24/24 MP: 3/3
   632 | D:1      | Reached skill level 1 in Dodging
   633 | D:1      | Reached skill level 3 in Short Blades
  1233 | D:2      | Noticed Terence
  1249 | D:2      | Killed Terence
  1250 | D:2      | Reached XP level 4. HP: 14/29 MP: 4/4
  1816 | D:1      | Reached skill level 4 in Short Blades
  1999 | D:2      | Reached skill level 1 in Stealth
  1999 | D:2      | Reached XP level 5. HP: 12/33 MP: 5/5
  2306 | D:2      | Found a runed translucent door.
  2309 | D:2      | Noticed Crazy Yiuf
  3075 | D:3      | Noticed an orc warrior
  3106 | D:3      | Killed an orc warrior
  3107 | D:3      | Reached skill level 5 in Short Blades
  3107 | D:3      | Reached XP level 6. HP: 21/39 MP: 6/6
  4232 | D:4      | Noticed Eustachio
  4233 | D:4      | Noticed Blork the orc
  4283 | D:3      | Killed Blork the orc
  4284 | D:3      | Reached XP level 7. HP: 20/44 MP: 7/7
  4534 | D:4      | Found a glowing golden altar of the Shining One.
  4567 | D:4      | Found Ennat's Weapon Shoppe.
  4577 | D:4      | Noticed Dowan
  4582 | D:4      | Noticed Duvessa
  4598 | D:4      | Killed Duvessa
  4599 | D:4      | Reached skill level 6 in Short Blades
  4606 | D:4      | Noticed Dowan
  4606 | D:4      | Dowan changed into Dowan the killer bee
  4615 | D:4      | Killed Dowan the killer bee
  4616 | D:4      | Reached skill level 5 in Fighting
  4960 | D:4      | Killed Eustachio
  4961 | D:4      | Reached skill level 7 in Short Blades
  5024 | D:5      | Entered Level 5 of the Dungeon
  5273 | D:5      | Reached XP level 8. HP: 50/50 MP: 8/8
  5715 | D:5      | Reached skill level 8 in Short Blades
  6735 | D:6      | Reached skill level 9 in Short Blades
  6770 | D:6      | Reached XP level 9. HP: 55/55 MP: 9/9
  6861 | D:6      | Reached skill level 10 in Short Blades
  8446 | D:7      | Found a sand-covered staircase.
  8454 | Ossuary  | Entered an ossuary
  8621 | Ossuary  | Reached skill level 11 in Short Blades
  8621 | Ossuary  | Reached skill level 5 in Dodging
  8830 | D:7      | Found a flagged portal.
  8834 | D:7      | Reached XP level 10. HP: 63/63 MP: 10/10
  8838 | Bailey   | Entered a bailey
  9289 | Bailey   | Reached skill level 12 in Short Blades
  9675 | Bailey   | Noticed a gargoyle
  9691 | Bailey   | Killed a gargoyle
  9881 | Bailey   | Identified the +8 triple sword of Okawaru's Grace {venom,
                  | Contam Int+6 Dex+2}
  9886 | Bailey   | Gained mutation: You are frail. (-10% HP) [potion of
                  | mutation]
  9886 | Bailey   | Gained mutation: You possess an exceptional clarity of
                  | mind. [potion of mutation]
  9886 | Bailey   | Gained mutation: You sometimes lose the ability to read
                  | scrolls when taking damage. [potion of mutation]
  9886 | Bailey   | Gained mutation: You have a pair of small horns on your
                  | head. [potion of mutation]
 10278 | Bailey   | Identified a scroll of acquirement
 10278 | Bailey   | Acquired a manual of Short Blades
 10624 | Bailey   | Identified the +0 helmet "Gymag" {+Inv rN+++ Will- Str-2}
 10725 | Bailey   | Identified the +0 leather armour of the Dungeon {Int+4}
 10900 | D:7      | Found a staircase to the Ecumenical Temple.
 10915 | Temple   | Entered the Ecumenical Temple
 10920 | Temple   | Became a worshipper of Uskayaw the Reveller
 10968 | D:6      | Reached * piety under Uskayaw
 10975 | D:6      | Reached ** piety under Uskayaw
 11051 | D:7      | Reached *** piety under Uskayaw
 11056 | D:7      | Reached **** piety under Uskayaw
 11167 | D:7      | Noticed a boulder beetle
 11180 | D:7      | Killed a boulder beetle
 11181 | D:7      | Reached skill level 13 in Short Blades
 11182 | D:7      | Reached ***** piety under Uskayaw
 11183 | D:7      | Killed an unseen horror
 11215 | D:7      | Noticed a two-headed ogre
 11274 | D:7      | Killed a two-headed ogre
 11275 | D:7      | Reached skill level 14 in Short Blades
 11275 | D:7      | Reached skill level 5 in Armour
 11275 | D:7      | Reached XP level 11. HP: 36/62 MP: 11/11
 11843 | D:7      | Lost mutation: You have a pair of small horns on your head.
                  | [potion of mutation]
 11843 | D:7      | Lost mutation: You sometimes lose the ability to read
                  | scrolls when taking damage. [potion of mutation]
 11843 | D:7      | Gained mutation: You have large cloven feet. [potion of
                  | mutation]
 11843 | D:7      | Gained mutation: Your mind is acute. (Int +4, Str/Dex-1)
                  | [potion of mutation]
 11867 | D:7      | Reached skill level 1 in Invocations
 12574 | D:8      | Noticed Grum
 12586 | D:8      | Killed Grum
 12783 | D:8      | Reached skill level 15 in Short Blades
 13181 | D:8      | Found a staircase to the Lair.
 14569 | D:9      | Noticed a wizard
 14573 | D:9      | Noticed a deep elf pyromancer
 14573 | D:9      | Noticed a boulder beetle
 14590 | D:9      | Reached skill level 10 in Fighting
 14597 | D:9      | Killed a wizard
 14602 | D:9      | Killed a deep elf pyromancer
 14603 | D:9      | Reached skill level 5 in Shields
 14609 | D:9      | Reached ****** piety under Uskayaw
 14621 | D:9      | Killed a boulder beetle
 14622 | D:9      | Reached skill level 16 in Short Blades
 14622 | D:9      | Reached XP level 12. HP: 30/69 MP: 5/14
 14996 | D:9      | Noticed Maurice
 15008 | D:9      | You fall into a shaft and drop 3 floors!
 15194 | D:10     | Entered Level 10 of the Dungeon
 15258 | D:9      | Killed Maurice
 16129 | D:10     | Noticed a two-headed ogre
 16145 | D:10     | Killed a two-headed ogre
 16210 | D:10     | Reached skill level 5 in Invocations
 16553 | D:10     | Identified the amulet "Gijesm" {Harm +Blink Regen+ Int+6
                  | Stlth+}
 16553 | D:10     | Noticed an ogre mage
 16606 | D:10     | Identified the ring "Burgheama" {rPois rC+ Str+4}
 16606 | D:10     | Noticed a centaur warrior
 16622 | D:10     | Killed a centaur warrior
 16622 | D:10     | HP: 2/71 [something (15)]
 16625 | D:10     | Killed from afar by an ogre mage

Illustrated notes

Levels and vault maps discovered:
D:1:      minmay_arrival_stone_box, layout_loops_ring
D:2:      layout_loops_cross, uniq_crazy_yiuf_cottage, uniq_terence
D:3:      layout_basic
D:4:      layout_rooms, mainiacjoe_overflow_alcove_2, serial_shops,
          nicolae_shop_bloodbath_and_beyond, uniq_duvessa, uniq_blork_the_orc,
          uniq_eustachio
D:5:      layout_rooms
D:6:      layout_layer_cave
D:7:      minmay_razor_zed, layout_loops_cross, minmay_temple_entry_tees,
          enter_bailey_2, gup_ossuary_entry_pyramid, minmay_misc_feat_cross,
          minmay_manual_mandibuliform
D:8:      layout_basic, erik_lair_orcish_takeover, uniq_grum
D:9:      layout_roguey, minivault_25_ag, minmay_misc_feat_secret_circle,
          minmay_fractal_squares_gapless_7, uniq_maurice
D:10:     minmay_the_grid_triangle_9x9_rhombus_thin_mashed
          [minmay_the_grid_triangle_9x9_tough_junction,
          minmay_the_grid_triangle_9x9_prize_special,
          minmay_the_grid_triangle_9x9_dagger,
          minmay_the_grid_triangle_9x9_shrine], layout_loops_ring, enter_trove_6
D:11:     layout_cross, orc_david_3
D:12:     layout_loops_cross, onia_ninara_dug_in_and_dangerous
Temple:   dpeg_three_leaves_temple

Skill      XL: |  1  2  3  4  5  6  7  8  9 10 11 12 |
---------------+-------------------------------------+-----
Dodging        | 1 2 3 4 5 7 8 |  8.7
Short Blades   | 3 4 5 7 9 11 14 16 | 16.7
Fighting       | 4 5 6 7 8 10 | 10.9
Stealth        | 1 2 3 4 |  4.0
Armour         | 3 4 5 6 |  6.4
Shields        | 3 4 5 |  5.2
Invocations    | 3 5 |  5.2
Evocations     | |  0.3

Action                   |  1- 3 |  4- 6 |  7- 9 | 10-12 || total
-------------------------+-------+-------+-------+-------++-------
Melee: Rapier            |    89 |   194 |   427 |   707 ||  1417
       Headbutt          |       |       |       |    32 ||    32
Invok: Line Pass         |       |       |       |     4 ||     4
       Grand Finale      |       |       |       |     1 ||     1
Evoke: Wand              |       |       |     2 |       ||     2
  Use: Potion            |     1 |     5 |     3 |    15 ||    24
       Scroll            |       |     6 |    10 |    10 ||    26
 Stab: Sleeping          |     3 |     3 |    11 |    11 ||    28
       Paralysed         |       |       |       |    21 ||    21
       Distracted        |       |       |       |     2 ||     2
       Confused          |       |       |       |     2 ||     2
Armor: Scale mail        |    25 |    46 |    86 |   165 ||   322
       Skin              |       |    11 |    18 |       ||    29
Dodge: Dodged            |    34 |    85 |   151 |   344 ||   614
       Repelled          |       |       |       |     1 ||     1
Block: Buckler           |    21 |    57 |    95 |   218 ||   391

Table legend: (Time is in decaauts)
 A = Elapsed time spent in this place.
 B = Non-inter-level travel time spent in this place.
 C = Inter-level travel time spent in this place.
 D = Time resting spent in this place.
 E = Time spent auto-exploring this place.
 F = Levels seen in this place.
 G = Mean time per level.
                   A        B        C        D        E       F      G
               +--------+--------+--------+--------+--------+-----+--------+
         Total |  16266 |  15744 |    522 |   4179 |   8445 |  15 | 1084.4 |
       Dungeon |  14051 |  13529 |    522 |   3028 |   8274 |  12 | 1170.9 |
        Temple |     18 |     18 |      0 |      0 |      0 |   1 |   18.0 |
       Ossuary |    275 |    275 |      0 |      0 |      8 |   1 |  275.0 |
        Bailey |   1920 |   1920 |      0 |   1150 |    163 |   1 | 1920.0 |
               +--------+--------+--------+--------+--------+-----+--------+

Top non-repeatable levels by time:
  Bailey: 1920 daAuts
     D:6: 1743 daAuts
     D:7: 1481 daAuts
     D:9: 1470 daAuts
     D:3: 1420 daAuts
     D:2: 1387 daAuts
     D:1: 1353 daAuts
     D:8: 1352 daAuts
     D:4: 1343 daAuts
     D:5: 1214 daAuts
    D:10: 1104 daAuts
 Ossuary: 275 daAuts
    D:11: 110 daAuts
    D:12: 68 daAuts
  Temple: 18 daAuts
